 Dungeon Crawl Stone Soup version 0.26-a0-682-g294304f6e8 (webtiles) character file.

Game seed: 12582603490210731128

62 mandarbmax the Shield-Bearer (level 4, -1/35 HPs)
             Began as a Formicid Fighter on Oct 22, 2020.
             Succumbed to a water moccasin's poison
             ... on level 2 of the Dungeon.
             The game lasted 00:02:48 (1711 turns).

mandarbmax the Shield-Bearer (Formicid Fighter)     Turns: 1711, Time: 00:02:48

Health: -1/35      AC:  6    Str: 21    XL:     4   Next: 28%
Magic:  4/4        EV:  8    Int:  8    God:
Gold:   50         SH: 14    Dex: 10    Spells: 3/3 levels left

rFire    + . .     SeeInvis +   a - +0 war axe
rCold    x . .     Faith    .   c - +0 kite shield
rNeg     . . .     Spirit   .   b - +0 scale mail
rPois    .         Reflect  +   (helmet unavailable)
rElec    .         Harm     .   (no cloak)
rCorr    .         Rampage  .   (no gloves)
MR       .....                  (no boots)
Stlth    ..........             l - amulet of reflection
HPRegen  0.11/turn              h - ring of fire
MPRegen  0.09/turn              (no ring)

@: lethally poisoned (-1 -> -23)
A: permanent stasis, dig shafts and tunnels, four strong arms, antennae 3
a: Dig, Shaft Self


You were on level 2 of the Dungeon.
You visited 1 branch of the dungeon, and saw 2 of its levels.

You collected 50 gold pieces.

Inventory:

Hand Weapons
 a - a +0 war axe (weapon)
Missiles
 k - 3 boomerangs (quivered)
Armour
 b - a +0 scale mail (worn)
 c - a +0 kite shield (worn)
Jewellery
 g - an uncursed amulet of faith
 h - a ring of fire (left hand)
 l - an amulet of reflection (around neck)
Wands
 n - a wand of flame (13)
Scrolls
 f - 2 scrolls of remove curse {unknown}
 i - a scroll of blinking {unknown}
 j - 2 scrolls of teleportation {unknown}
 o - a scroll of identify {unknown}
Potions
 d - a potion of might


   Skills:
 - Level 3.2 Fighting
 + Level 4.0 Axes
 - Level 3.2 Armour
 - Level 4.0 Shields


You had 3 spell levels left.
You didn't know any spells.
Your spell library was empty.

Dungeon Overview and Level Annotations

Branches:
Dungeon (2/15)

Altars:
Yredelemnul


Innate Abilities, Weirdness & Mutations

You cannot be hasted, slowed, berserked, paralysed or teleported.
You can dig through walls and to a lower floor.
Your four strong arms can wield two-handed weapons with a shield.
You have a pair of large antennae on your head. (SInv)


Message History

Your stasis prevents you from being hasted.
You feel sick. The water moccasin bites you.
* * * LOW HITPOINT WARNING * * *
You block the water moccasin's attack.
You hit the water moccasin but do no damage.
The water moccasin is heavily wounded.
* * * LOW HITPOINT WARNING * * *
You feel sick. The water moccasin barely misses you.
You slash the water moccasin!
The water moccasin is almost dead.
* * * LOW HITPOINT WARNING * * *
You feel sick. The water moccasin bites you.
* * * LOW HITPOINT WARNING * * *
You are more poisoned.
The water moccasin poisons you! The water moccasin barely misses you.
Unknown command.
Unknown command.
Your shield and scale mail prevent you from hitting the water moccasin.
The water moccasin is almost dead.
You die...

## .. .# .. ####.##.#
#......# ####..S.#
#####...####....@#
..............>..#
######.P.P.#.#.#....#{
.# .# #.._....#.####.#
.# .# #.P.P...#.# ..
.# .#
.........#####.####.
## ##............# #..
#.....########
#.###### ###.....#
#......#


You could see a water moccasin.

Vanquished Creatures
  An adder (D:2)
  A worm (D:2)
  A dart slug (D:1)
  4 leopard geckos (D:1)
  5 bats
  3 giant cockroaches
  7 hobgoblins
  2 jackals (D:2)
  6 kobolds (D:1)
  A frilled lizard (D:2)
  4 goblins
  5 rats
40 creatures vanquished.

Notes
Turn   | Place    | Note
-------+----------+-------------------------------------------
     0 | D:1      | mandarbmax the Formicid Fighter began the quest for the
                  | Orb.
     0 | D:1      | Reached XP level 1. HP: 18/18 MP: 1/1
   226 | D:1      | Reached XP level 2. HP: 24/24 MP: 2/2
   401 | D:1      | Reached XP level 3. HP: 29/29 MP: 3/3
  1537 | D:2      | Reached XP level 4. HP: 33/35 MP: 4/4
  1686 | D:2      | Found a basalt altar of Yredelemnul.
  1696 | D:2      | Noticed a water moccasin
  1710 | D:2      | HP: 1/35 [water moccasin (2)]
  1711 | D:2      | Succumbed to a water moccasin's poison

Illustrated notes

Levels and vault maps discovered:
D:1:      saegor_arrival_simple_c, layout_basic, chequers_big_river,
          minmay_misc_feat_x
D:2:      layout_basic, yredelemnul_altar_generic, minmay_tree_intersection,
          minmay_tromino_v7

Skill      XL: |  1  2  3  4 |
---------------+-------------+-----
Shields        | 4 |  4.0
Axes           | 3 4 |  4.0
Fighting       | |  3.2
Armour         | |  3.2

Action                   |  1- 3 |  4- 6 || total
-------------------------+-------+-------++-------
Melee: War axe           |    84 |    34 ||   118
  Use: Potion            |       |     2 ||     2
Armor: Scale mail        |    29 |    12 ||    41
Dodge: Dodged            |    28 |    12 ||    40
Block: Kite shield       |    52 |    33 ||    85
       Reflection        |       |     2 ||     2

Table legend: (Time is in decaauts)
 A = Elapsed time spent in this place.
 B = Non-inter-level travel time spent in this place.
 C = Inter-level travel time spent in this place.
 D = Time resting spent in this place.
 E = Time spent auto-exploring this place.
 F = Levels seen in this place.
 G = Mean time per level.
                   A        B        C        D        E       F      G
               +--------+--------+--------+--------+--------+-----+--------+
         Total |   1760 |   1736 |     24 |    100 |   1311 |   2 |  880.0 |
       Dungeon |   1760 |   1736 |     24 |    100 |   1311 |   2 |  880.0 |
               +--------+--------+--------+--------+--------+-----+--------+

Top non-repeatable levels by time:
     D:1: 1262 daAuts
     D:2: 497 daAuts
